 Dungeon Crawl Stone Soup version 0.31-a0-963-ga325b2283a (webtiles) character file.

Game seed: 14163614495991579693

45 lunkers the Insei (level 4, -4/35 HPs)
             Began as a Meteoran Shapeshifter on Oct 24, 2023.
             Slain by a gnoll
             ... wielding a +0 spear
              (6 damage)
             ... on level 2 of the Dungeon.
             The game lasted 00:01:21 (585 turns).

lunkers the Insei (Meteoran Shapeshifter)            Turns: 585, Time: 00:01:22

Health: -4/35      AC:  2    Str: 15    XL:     4   Next: 12%
Magic:  5/5        EV:  6    Int: 12    God:
Gold:   9          SH:  0    Dex: 15    Spells: 3/3 levels left

rFire   . .          .
                       - Unarmed
rCold   . . .        (no shield)
rNeg    . . .        a - +0 animal skin
rPois   .            (helmet currently unavailable)
rElec   .            (cloak currently unavailable)
rCorr   .            (gloves currently unavailable)
SInv    .            (boots currently unavailable)
Will    .....        (no amulet)
Stlth   +            (no ring)
HPRegen 0.25/turn    (no ring)
MPRegen 0.09/turn

%: no passive effects
@: beast-form, held, glowing
A: beast (slay +2), sense surroundings 1, otherworldly, glowing, explore regen
a: Begin Untransformation


You were on level 2 of the Dungeon.
You were a hulking beast.
You visited 1 branch of the dungeon, and saw 2 of its levels.

You collected 9 gold pieces.

Inventory:

Armour
 a - a +0 animal skin (worn)
 j - a +2 tower shield
Talismans
 c - a beast talisman
 d - a flux talisman
Scrolls
 e - a scroll of fear {unknown}
 i - a scroll of enchant weapon {unknown}
Potions
 b - 2 potions of lignification
 f - a potion of resistance {unknown}
 g - 2 potions of heal wounds {unknown}
 h - a potion of attraction {unknown}


   Skills:
 - Level 1.1 Fighting
 - Level 2.1 Dodging
 * Level 4.9 Unarmed Combat
 + Level 4.2 Shapeshifting


You had 3 spell levels left.
You didn't know any spells.
Your spell library was empty.

Dungeon Overview and Level Annotations

Branches:
Dungeon (2/15) Zot: 619

Altars:


Innate Abilities, Weirdness & Mutations

You are a hulking beast.
Your limbs bulge with bestial killing power. (Slay +2)
You passively map a small area around you.
You are easily found by Zot.
You glow in the dark.
You regain HP and MP as you explore.


Message History

You have reached level 4!
The gnoll completely misses you.
The gnoll hits you from afar with a +0 spear.
* * * LOW HITPOINT WARNING * * *
You see here a +0 spear.
You barely miss the gnoll. The gnoll misses you. The gnoll closely misses you.
Unknown command.
You hit the gnoll but do no damage. The gnoll barely misses you.
The gnoll closely misses you.
Unknown command.
You hit the gnoll.
The gnoll is lightly wounded.
The gnoll barely misses you.
The gnoll hits you from afar with a +0 spear.
* * * LOW HITPOINT WARNING * * *
You punch the gnoll!
The gnoll is heavily wounded.
The gnoll hits you with a +0 spear.
* * * LOW HITPOINT WARNING * * *
You hit the gnoll.
The gnoll is heavily wounded.
The gnoll barely misses you.
Unknown command.
The gnoll completely misses you.
There is an open door here.
The gnoll attacks as it pursues you! The gnoll misses you.
The gnoll attacks as it pursues you! The gnoll closely misses you.
The gnoll attacks as it pursues you!
The gnoll hits you from afar with a +0 spear.
* * * LOW HITPOINT WARNING * * *
The giant cockroach barely misses you.
You see here a stone.
The gnoll throws a throwing net.
The throwing net hits you.
You become entangled in the net!
The giant cockroach bites you but does no damage.
There is a stone staircase leading up here.
You see here a throwing net.
You struggle against the net.
The gnoll hits you from afar with a +0 spear.
You die...

....######.###...###### * ,
....#....#. #>........
≈...####.#. #.#######.
....'.##.#.###.######## ,
≈...#....#.............
....######..###...##### *,
, ....#..# #..#.......... ,
, '####..# #..#.#####.#..
** ......####.†#'##h...# *
######.......)..(B..#=.,###
#.........g###.#.#.#.< ,
#........g.+ #.#..B.
#..........#* .......
#..........# .......
#####..g#### ....... ,,
#...#######....... ,
#...'..gg.'....... , ,


You could see 3 gnolls and a giant cockroach.

Vanquished Creatures
  2 gnolls
  2 ball pythons (D:2)
  2 bats (D:1)
  5 endoplasms
  A giant cockroach (D:1)
  6 hobgoblins
  2 frilled lizards
  2 kobolds (D:2)
  2 rats (D:1)
24 creatures vanquished.

Notes
Turn   | Place    | Note
-------+----------+-------------------------------------------
     0 | D:1      | lunkers the Meteoran Shapeshifter began the quest for the
                  | Orb.
     0 | D:1      | Reached XP level 1. HP: 16/16 MP: 2/2
    29 | D:1      | Reached XP level 2. HP: 6/23 MP: 3/3
   186 | D:1      | Reached XP level 3. HP: 25/28 MP: 4/4
   567 | D:2      | Reached XP level 4. HP: 16/35 MP: 5/5
   582 | D:2      | HP: 1/35 [gnoll/+0 spear (6)]
   585 | D:2      | Slain by a gnoll

Illustrated notes

Levels and vault maps discovered:
D:1:      arrival_zaba_pyramid, layout_loops_ring,
          dreamdust_ecumenical_altar_drowned_temple
D:2:      layout_basic, serial_shops, shop, kennysheep_generic_room_11

Skill      XL: |  1  2  3 |
---------------+----------+-----
Unarmed Combat | 4 |  4.9
Shapeshifting  | 4 |  4.2
Fighting       | |  1.1
Dodging        | |  2.1

Action                     |  1- 3 |  4- 6 || total
---------------------------+-------+-------++-------
  Melee: Unarmed           |    64 |     5 ||    69
         Punch             |     2 |       ||     2
 Armour: Animal skin       |    30 |     6 ||    36
  Dodge: Dodged            |    36 |    11 ||    47

Table legend: (Time is in decaauts)
 A = Elapsed time spent in this place.
 B = Non-inter-level travel time spent in this place.
 C = Inter-level travel time spent in this place.
 D = Time resting spent in this place.
 E = Time spent auto-exploring this place.
 F = Levels seen in this place.
 G = Mean time per level.
                   A        B        C        D        E       F      G
               +--------+--------+--------+--------+--------+-----+--------+
         Total |    579 |    579 |      0 |      0 |    403 |   2 |  289.5 |
       Dungeon |    579 |    579 |      0 |      0 |    403 |   2 |  289.5 |
               +--------+--------+--------+--------+--------+-----+--------+

Top non-repeatable levels by time:
     D:1: 431 daAuts
     D:2: 148 daAuts
